[Event "Titled Tuesday Blitz January 31 Early 2023"]
[White "Forgacs, Attila Jr."]
[Black "Veiga, Jose Francisco R P Neves"]
[WhiteFideId "773654"]
[BlackFideId "1930087"]
[WhiteElo "2264"]
[BlackElo "2406"]
[Result "1/2-1/2"]
[Round "11"]
[TimeControl "180+2"]
[Date "2023.01.31"]
[WhiteClock "0:00:08"]
[BlackClock "0:00:37"]

1. e4 c5 2. Nf3 e6 3. d4 cxd4 4. Nxd4 Nc6 5. Nc3 Qc7 6. Be3 a6 7. a3 b5 8. Nxc6 Qxc6 9. Be2 Bc5 10. Bd4 Nf6 11. Bf3 Bb7 12. e5 Nd5 13. Nxd5 exd5 14. c3 O-O 15. Bxc5 Qxc5 16. Qd4 Qxd4 17. cxd4 d6 18. exd6 Rfe8+ 19. Kd2 Re6 20. Rhe1 Rd8 21. Rac1 Rxe1 22. Rxe1 Bc6 23. Re7 Rxd6 24. Rc7 g5 25. b4 Kg7 26. Ra7 Bd7 27. Rc7 g4 28. Be2 Bf5 29. f3 h5 30. fxg4 hxg4 31. Ra7 Rc6 32. Bd3 Bxd3 33. Kxd3 Kg6 34. Rd7 Rc1 35. Rxd5 Rg1 36. g3 Rg2 37. Ke4 Rxh2 38. Kf4 Rf2+ 39. Kxg4 f5+ 40. Kh3 Kg5 41. Rd6 Rf3 42. Rxa6 f4 43. Ra5 Rxg3+ 44. Kh2 Kg4 45. Rxb5 Rxa3 46. Rb8 Ra2+ 47. Kg1 Rd2 48. Ra8 Rxd4 49. Ra3 Rxb4 50. Kf2 Rb2+ 51. Kf1 Kg5 52. Rc3 Kf5 53. Ra3 Kg4 54. Rc3 Rh2 55. Ra3 Rb2 56. Rc3 Rd2 57. Ra3 Rd4 58. Rb3 Rd2 59. Ra3 Rd5 60. Rb3 f3 61. Rb8 Rd1+ 62. Kf2 Rd2+ 63. Kf1 Rd1+ 64. Kf2 Rd2+ 65. Kf1 Rg2 66. Rg8+ Kh3 67. Rh8+ Kg3 68. Rg8+ Kf4 69. Rf8+ Ke4 70. Re8+ Kf5 71. Rf8+ Kg4 72. Rg8+ Kf4 73. Rxg2 fxg2+ 74. Kxg2 1/2-1/2


[Site "https://www.chess.com"]

[Event "Titled Tuesday Blitz January 31 Early 2023"]
[White "Tomaszewski, Kacper"]
[Black "Melikhov, Evgeny V."]
[WhiteFideId "1127373"]
[BlackFideId "4122046"]
[WhiteElo "2313"]
[BlackElo "2269"]
[Result "1-0"]
[Round "11"]
[TimeControl "180+2"]
[Date "2023.01.31"]
[WhiteClock "0:01:02"]
[BlackClock "0:00:20"]

1. c4 e5 2. e3 d6 3. Nc3 f5 4. d4 e4 5. b4 Nf6 6. Qb3 Be7 7. Nh3 c6 8. Be2 O-O 9. a4 a5 10. b5 c5 11. dxc5 dxc5 12. Bb2 Nbd7 13. O-O-O Qe8 14. Nf4 Ne5 15. Ncd5 Nxd5 16. Nxd5 Bd8 17. f4 Nd3+ 18. Bxd3 exd3 19. Qxd3 Qe4 20. Qxe4 fxe4 21. h3 Be6 22. g4 Rc8 23. f5 Bxd5 24. Rxd5 Bg5 25. Kc2 Bxe3 26. Re1 Bd4 27. Bxd4 cxd4 28. Rxd4 g6 29. Rf1 gxf5 30. gxf5 Rce8 31. Kd2 Re5 32. f6 Re6 33. Rd7 Rexf6 34. Rxf6 Rxf6 35. Rxb7 Rd6+ 36. Ke2 Rd3 37. c5 Rc3 38. c6 h5 39. c7 h4 40. Rb8+ 1-0


[Site "https://www.chess.com"]

[Event "Titled Tuesday Blitz January 31 Early 2023"]
[White "Santos Flores, Alberto"]
[Black "Lorenzo De La Riva, Lazaro"]
[WhiteFideId "3601234"]
[BlackFideId "2268809"]
[WhiteElo "2164"]
[BlackElo "2404"]
[Result "1-0"]
[Round "11"]
[TimeControl "180+2"]
[Date "2023.01.31"]
[WhiteClock "0:00:09"]
[BlackClock "0:00:47"]

1. e4 d5 2. exd5 g6 3. d4 Bg7 4. Nf3 Nf6 5. c4 O-O 6. Nc3 a6 7. Be2 Nbd7 8. O-O Nb6 9. b3 Bf5 10. Re1 a5 11. a4 Nc8 12. h3 Nd6 13. Ne5 Bc8 14. Bg5 h6 15. Bc1 Nfe4 16. Nxe4 Nxe4 17. Bd3 Nd6 18. Qe2 Nf5 19. Bb2 Re8 20. Qf3 Rf8 21. Qf4 Qd6 22. Ba3 Qf6 23. g4 Nh4 24. Qg3 g5 25. Re3 Ng6 26. Nxg6 fxg6 27. Bxe7 Qxd4 28. Rae1 Rf7 29. Bxg6 Rf4 30. Ba3 Bd7 31. Re7 Rd8 32. Bc1 Rff8 33. Be3 Qc3 34. Bc5 Rf6 35. Qxc3 Rxg6 36. Qe3 Bf8 37. Re4 Bg7 38. Bd4 Bf8 39. Qd3 Ra6 40. Bb2 Rg6 41. Qd4 Bg7 42. Qd2 Bf8 43. R4e3 Bc5 44. Rf3 Rf8 45. Rxf8+ Bxf8 46. Re3 c6 47. Rf3 h5 48. gxh5 Rh6 49. Rg3 g4 50. hxg4 Rd6 51. g5 cxd5 52. cxd5 Bc6 53. Qd4 Rxd5 54. Qh8+ Kf7 55. Rf3+ Ke6 56. Qxf8 Rxg5+ 57. Kf1 Bxf3 58. Qxf3 Rd5 59. Qe4+ Kd6 60. Ba3+ Kc6 61. Qc4+ 1-0


[Site "https://www.chess.com"]

[Event "Titled Tuesday Blitz January 31 Early 2023"]
[White "Ongut, Tamas Gunes"]
[Black "Lesbekova, Assel"]
[WhiteFideId "770280"]
[BlackFideId "13713248"]
[WhiteElo "2299"]
[BlackElo "1772"]
[Result "1-0"]
[Round "11"]
[TimeControl "180+2"]
[Date "2023.01.31"]
[WhiteClock "0:01:54"]
[BlackClock "0:00:54"]

1. e4 c5 2. Nc3 e6 3. g3 d5 4. Bg2 d4 5. Nce2 Nc6 6. d3 Nf6 7. f4 e5 8. Nf3 Bd6 9. f5 g6 10. O-O gxf5 11. Nh4 fxe4 12. Bg5 Be7 13. dxe4 h6 14. Bd2 Bg4 15. h3 Be6 16. Nf5 Qd7 17. Ng7+ Kd8 18. Nxe6+ fxe6 19. c4 Kc7 20. Nc1 d3 21. Rf3 Nd4 22. Rxd3 Qc6 23. Bc3 Rhg8 24. Bxd4 cxd4 25. a3 Raf8 26. b4 Qxc4 27. Nb3 Kb8 28. Rc1 Qb5 29. Nc5 Bxc5 30. Rxc5 Qe8 31. Rxe5 Nh5 32. Qxh5 Qa4 33. Rc5 a5 34. Qe5+ 1-0


[Site "https://www.chess.com"]

[Event "Titled Tuesday Blitz January 31 Early 2023"]
[White "Bilan, Danila"]
[Black "Kononenko, Dmitry"]
[WhiteFideId "24161918"]
[BlackFideId "14113538"]
[WhiteElo "2303"]
[BlackElo "2256"]
[Result "0-1"]
[Round "11"]
[TimeControl "180+2"]
[Date "2023.01.31"]
[WhiteClock "0:00:01"]
[BlackClock "0:01:17"]

1. d4 Nf6 2. Nf3 g6 3. Bg5 Bg7 4. c3 c5 5. e3 cxd4 6. cxd4 Ne4 7. Bh4 Qb6 8. Qc2 Nc6 9. Qxe4 Qxb2 10. d5 Ne5 11. Nd4 Qxa1 12. f4 f5 13. Qc2 Ng4 14. Nb3 Qb2 15. Qxb2 Bxb2 16. Kd2 d6 17. h3 Nh6 18. Be2 Kf7 19. Nc3 Bxc3+ 20. Kxc3 Bd7 21. Kd2 Rhc8 22. Nd4 Ng8 23. g4 Nf6 24. gxf5 gxf5 25. Bd3 Rc5 26. Rb1 b6 27. Ke2 Rac8 28. Kf3 Nxd5 29. Nxf5 Rc3 30. Nh6+ Kf8 31. Rg1 Be6 32. e4 Rxd3+ 33. Ke2 Nxf4+ 0-1


[Site "https://www.chess.com"]

[Event "Titled Tuesday Blitz January 31 Early 2023"]
[White "Bruned, Yvain"]
[Black "Fiorito, Joaquin"]
[WhiteFideId "2250292"]
[BlackFideId "180173"]
[WhiteElo "2286"]
[BlackElo "2405"]
[Result "1-0"]
[Round "11"]
[TimeControl "180+2"]
[Date "2023.01.31"]
[WhiteClock "0:00:55"]
[BlackClock "0:00:49"]

1. b3 d5 2. Bb2 c5 3. e3 f6 4. f4 Nc6 5. Bb5 a6 6. Bxc6+ bxc6 7. Nf3 e6 8. O-O Bd6 9. d3 Ne7 10. Qe2 O-O 11. Nbd2 a5 12. a4 Ba6 13. Kh1 Rb8 14. c4 Qd7 15. g3 Ng6 16. e4 d4 17. Rae1 e5 18. f5 Kh8 19. fxg6 h6 20. Nh4 Bc8 21. Nf5 Qc7 22. Qh5 Bxf5 23. Rxf5 Qb6 24. Ba3 Qc7 25. Kg2 Rb7 26. Bc1 Qb6 27. Qd1 Qb4 28. Bb2 Qb6 29. Ref1 Kg8 30. h4 Be7 31. Bc1 Qb4 32. Bb2 Qb6 33. R5f2 Rfb8 34. Qg4 Bf8 35. Qe6+ Kh8 36. Qg4 Qb4 37. Qh5 Qb6 38. g4 Kg8 39. g5 fxg5 40. hxg5 Qd8 41. Rf7 Rxf7 42. Rxf7 Qe8 43. Bc1 Qe6 44. gxh6 gxh6 45. Qf5 Qe8 46. Qf6 Qc8 47. Qf5 Qe8 48. Kg3 Bg7 49. Ba3 h5 50. Qxh5 1-0


[Site "https://www.chess.com"]

[Event "Titled Tuesday Blitz January 31 Early 2023"]
[White "Tymrakiewicz, Rafal"]
[Black "Sharapov, Evgeny"]
[WhiteFideId "1108832"]
[BlackFideId "14103133"]
[WhiteElo "2144"]
[BlackElo "2375"]
[Result "0-1"]
[Round "11"]
[TimeControl "180+2"]
[Date "2023.01.31"]
[WhiteClock "0:00:04"]
[BlackClock "0:00:07"]

1. d4 Nf6 2. Bg5 c5 3. d5 Qb6 4. Bc1 g6 5. Nc3 Bg7 6. e4 d6 7. Nf3 O-O 8. h3 a6 9. Be2 Qc7 10. a4 b6 11. O-O Nbd7 12. Bf4 Rb8 13. Nd2 Ne5 14. Bh2 Bb7 15. f4 Ned7 16. Nc4 Ne8 17. Bf3 Qd8 18. Re1 Nc7 19. e5 dxe5 20. fxe5 b5 21. axb5 axb5 22. Na5 b4 23. Nxb7 Rxb7 24. Na4 Rb8 25. Qd2 Nb6 26. Nxb6 Rxb6 27. Ra5 Nb5 28. c3 bxc3 29. bxc3 Rb8 30. Rea1 Qc7 31. Qe3 e6 32. d6 Qd7 33. Be2 Rfc8 34. Bc4 Qc6 35. Bg3 Rb6 36. Bf4 Rcb8 37. Qd3 f6 38. Bxe6+ Kh8 39. Bd5 Qc8 40. Rxb5 Rxb5 41. e6 g5 42. d7 Qd8 43. Bxb8 Rxb8 44. Re1 Bf8 45. Qf5 Qe7 46. Be4 Rb6 47. Bc2 Rd6 48. Kh1 Rd2 49. d8=Q Rxd8 50. Rd1 Rxd1+ 51. Bxd1 Kg7 52. Bc2 Kh8 53. Be4 Kg8 54. Bd5 Kh8 55. c4 Kg8 56. Kg1 Kh8 57. Kf2 Kg8 58. Kf3 Kh8 59. Kg4 Kg8 60. Qe4 Kh8 61. Bc6 Kg8 62. Bd7 Kh8 63. Bc6 Kg7 64. Bd5 Kg8 65. g3 Kh8 66. h4 gxh4 67. Kxh4 f5+ 68. Kh5 fxe4 69. Bxe4 Qxe6 70. Bd5 Qg6+ 71. Kh4 Be7+ 0-1


[Site "https://www.chess.com"]

[Event "Titled Tuesday Blitz January 31 Early 2023"]
[White "Gurevich, Dmitry"]
[Black "Gheorghiu, Calin"]
[WhiteFideId "2000407"]
[BlackFideId "1200305"]
[WhiteElo "2393"]
[BlackElo "2313"]
[Result "1-0"]
[Round "11"]
[TimeControl "180+2"]
[Date "2023.01.31"]
[WhiteClock "0:00:28"]
[BlackClock "0:00:01"]

1. d4 Nf6 2. c4 e6 3. Nc3 Bb4 4. a3 Bxc3+ 5. bxc3 O-O 6. e3 c5 7. Bd3 b6 8. Ne2 Ba6 9. O-O Nc6 10. e4 d6 11. f4 Na5 12. e5 Ne8 13. Ng3 Bxc4 14. Bxc4 Nxc4 15. Qe2 b5 16. f5 dxe5 17. dxe5 exf5 18. Nxf5 Nc7 19. Nxg7 Kxg7 20. Qg4+ Kh8 21. Bg5 Rg8 22. Bxd8 Rxg4 23. Bxc7 Kg7 24. Rae1 Re8 25. Rf6 Re7 26. Bd6 Nxd6 27. Rxd6 Rc4 28. Re3 Re6 29. Rd7 Ra4 30. Rg3+ Kf8 31. Rf3 Rxa3 32. Rfxf7+ Kg8 33. Rg7+ Kh8 34. Rxh7+ Kg8 35. Rdg7+ Kf8 36. Rc7 Ra1+ 37. Kf2 Ra2+ 38. Kf3 Kg8 39. Rhd7 Kf8 40. Rxc5 Ra3 41. Ke4 Re8 42. Rcc7 Ra4+ 43. Kf5 Ra1 44. Rf7+ Kg8 45. Rxa7 Rf1+ 46. Kg6 Re6+ 47. Rf6 Rfxf6+ 48. exf6 1-0


[Site "https://www.chess.com"]

[Event "Titled Tuesday Blitz January 31 Early 2023"]
[White "Mkrtchian, Lilit"]
[Black "Berezin, Viktor"]
[WhiteFideId "13300601"]
[BlackFideId "14107872"]
[WhiteElo "2389"]
[BlackElo "2307"]
[Result "0-1"]
[Round "11"]
[TimeControl "180+2"]
[Date "2023.01.31"]
[WhiteClock "0:00:01"]
[BlackClock "0:00:05"]

1. Nf3 Nf6 2. g3 g6 3. Bg2 Bg7 4. d4 O-O 5. O-O d6 6. b3 Nc6 7. Bb2 e5 8. dxe5 Ng4 9. Qc1 Ngxe5 10. c4 Nxf3+ 11. Bxf3 Bh3 12. Rd1 Qe7 13. Nc3 Rae8 14. Nd5 Qd8 15. Bxg7 Kxg7 16. Qc3+ f6 17. c5 Ne5 18. cxd6 Nxf3+ 19. Qxf3 cxd6 20. Nf4 Bf5 21. Qxb7+ Rf7 22. Qc6 Rd7 23. Rd2 Be4 24. Qc3 Re5 25. Rad1 Qe7 26. Qb4 g5 27. Nd3 Bxd3 28. exd3 Re1+ 29. Kg2 Qe6 30. Qd4 d5 31. Rxe1 Qxe1 32. Qe3 Qc1 33. Re2 Qc6 34. Qe6 Qb5 35. Qf5 Rf7 36. Re6 Qb7 37. d4 Qd7 38. g4 h6 39. Re3 Qc6 40. Re6 Qd7 41. Re3 Qc6 42. h3 Qb7 43. Re6 Qd7 44. Re3 Qc6 45. Re2 Qb7 46. Rc2 Qb5 47. Rc5 Qb4 48. Rxd5 Qd2 49. Qf3 Re7 50. Rd6 Rf7 51. a4 a5 52. d5 Qb4 53. Re6 Qd4 54. d6 Rd7 55. Qf5 Rxd6 56. Re7+ Kf8 57. Rb7 Qd5+ 58. Qxd5 Rxd5 59. Rb5 Rd3 0-1


[Site "https://www.chess.com"]

[Event "Titled Tuesday Blitz January 31 Early 2023"]
[White "Delorme, Axel"]
[Black "Biastoch, Bennet"]
[WhiteFideId "632023"]
[BlackFideId "12939889"]
[WhiteElo "2483"]
[BlackElo "2257"]
[Result "0-1"]
[Round "11"]
[TimeControl "180+2"]
[Date "2023.01.31"]
[WhiteClock "0:00:06"]
[BlackClock "0:00:24"]

1. e4 c5 2. Nf3 Nc6 3. Bb5 g6 4. O-O Bg7 5. c3 d5 6. e5 a6 7. Bxc6+ bxc6 8. h3 e6 9. d3 Ne7 10. Bf4 O-O 11. Nbd2 a5 12. c4 Ba6 13. Qc2 Rb8 14. Rfd1 Qb6 15. Rab1 Rb7 16. Be3 Nf5 17. Bf4 Ne7 18. b3 h6 19. Rbc1 Kh7 20. Be3 Nf5 21. cxd5 Nxe3 22. fxe3 cxd5 23. d4 cxd4 24. exd4 Bxe5 25. Nxe5 Qxd4+ 26. Kh1 Qxe5 27. Nf3 Qf6 28. Qc6 Ra7 29. Qc5 Rfa8 30. Nd4 a4 31. bxa4 Bc4 32. Rc3 Rxa4 33. Rf3 Qg7 34. Rb1 R8a7 35. Nc6 Rc7 36. Qd6 f5 37. Re3 Ra6 0-1


[Site "https://www.chess.com"]

[Event "Titled Tuesday Blitz January 31 Early 2023"]
[White "Rangel, Daniel"]
[Black "Mrudul Dehankar"]
[WhiteFideId "2124475"]
[BlackFideId "25096990"]
[WhiteElo "2207"]
[BlackElo "2030"]
[Result "1-0"]
[Round "11"]
[TimeControl "180+2"]
[Date "2023.01.31"]
[WhiteClock "0:00:06"]
[BlackClock "0:00:08"]

1. e4 c6 2. d4 d5 3. e5 Bf5 4. h4 h5 5. Bg5 Qb6 6. Bd3 Bxd3 7. Qxd3 Qxb2 8. e6 Qxa1 9. Qb3 b6 10. Nf3 Nf6 11. O-O Ne4 12. c4 fxe6 13. Bc1 dxc4 14. Qc2 Nf6 15. Bd2 b5 16. Nc3 Qxc3 17. Bxc3 Nbd7 18. Ba5 Nb6 19. Nd2 Nbd5 20. Qg6+ Kd7 21. Nf3 Rh6 22. Ne5+ Kd6 23. Nf7+ Kd7 24. Nxh6 gxh6 25. Qe4 Bg7 26. Re1 Rf8 27. Qxe6+ Ke8 28. Qxc6+ Kf7 29. Qxb5 c3 30. Qc4 e6 31. Bxc3 Nd7 32. Qc6 1-0


[Site "https://www.chess.com"]

[Event "Titled Tuesday Blitz January 31 Early 2023"]
[White "Manon-og, Ramon Jr."]
[Black "Iljin, Timofey"]
[WhiteFideId "5200776"]
[BlackFideId "14110180"]
[WhiteElo "1999"]
[BlackElo "2329"]
[Result "1-0"]
[Round "11"]
[TimeControl "180+2"]
[Date "2023.01.31"]
[WhiteClock "0:00:04"]
[BlackClock "0:00:19"]

1. e4 e5 2. Nf3 Nc6 3. Bc4 Nf6 4. Ng5 d5 5. exd5 Na5 6. Bb5+ c6 7. dxc6 bxc6 8. Bd3 Nd5 9. Nf3 Bd6 10. O-O O-O 11. Re1 Bg4 12. h3 Bh5 13. Be2 f6 14. Nc3 Nf4 15. d3 Nb7 16. Bxf4 exf4 17. Nd4 Bxe2 18. Qxe2 Qb6 19. Ne6 Rfe8 20. Qg4 Re7 21. Ne4 Qxb2 22. Rab1 Qe5 23. N4c5 f5 24. Qg5 h6 25. Qxe7 Qxe1+ 26. Rxe1 Bxe7 27. Nxb7 Kf7 28. Nxf4 Rb8 29. Na5 Bb4 30. Nxc6 Bxe1 31. Nxb8 g5 32. Nd5 Ke6 33. c4 Kd6 34. Kf1 Ba5 35. d4 Bd8 36. Na6 g4 37. hxg4 fxg4 38. Nc5 Bh4 39. Ne4+ Kc6 40. Ne7+ Bxe7 41. d5+ Kb6 42. d6 Bd8 43. c5+ Kc6 44. f4 gxf3 45. gxf3 Kd5 46. Kg2 h5 47. Kh3 a5 48. Kg3 a4 49. Kf4 a3 50. Kf5 Ba5 51. d7 Bd8 52. Kg6 h4 53. Kf7 Kc6 54. Ke8 Kc7 55. f4 h3 56. f5 Bh4 57. f6 h2 58. d8=Q+ Kc6 59. Qd6+ Kb5 60. Qxh2 Be1 61. Qe2+ Ka4 62. Qxe1 Kb5 63. Qc3 Kc6 64. Qxa3 Kd5 65. f7 Kxe4 66. f8=Q Kd5 67. Qd6+ Kc4 68. Qb3# 1-0


[Site "https://www.chess.com"]

[Event "Titled Tuesday Blitz January 31 Early 2023"]
[White "Rose, Felix"]
[Black "Koepke, Christian"]
[WhiteFideId "5105722"]
[BlackFideId "4655737"]
[WhiteElo "2091"]
[BlackElo "2308"]
[Result "1-0"]
[Round "11"]
[TimeControl "180+2"]
[Date "2023.01.31"]
[WhiteClock "0:00:08"]
[BlackClock "0:00:01"]

1. d4 Nf6 2. Bf4 d6 3. Nc3 c6 4. e4 Qa5 5. Qd2 e5 6. Bg5 Nbd7 7. O-O-O exd4 8. Bxf6 dxc3 9. Qxc3 Qxa2 10. Bxg7 Be7 11. f4 Rg8 12. Bc4 Qa1+ 13. Kd2 Qa4 14. b3 Qa3 15. Nf3 Nc5 16. Ke3 Ne6 17. Bxe6 Bxe6 18. Ra1 Qc5+ 19. Qxc5 dxc5 20. Be5 Rxg2 21. f5 Bd7 22. Rhg1 Rxg1 23. Rxg1 O-O-O 24. Rg7 Re8 25. Rxf7 c4 26. bxc4 Bc5+ 27. Bd4 Ba3 28. f6 Bf5 29. e5 Be6 30. Rxh7 Bxc4 31. Ng5 Bc1+ 32. Ke4 Bxg5 33. Kf5 Bd2 34. f7 Be6+ 35. Kf6 Rf8 36. Kxe6 Bb4 37. Bf2 a6 38. Be3 1-0


[Site "https://www.chess.com"]

[Event "Titled Tuesday Blitz January 31 Early 2023"]
[White "Turzo, Attila"]
[Black "Ivanova, Karina"]
[WhiteFideId "704954"]
[BlackFideId "24139750"]
[WhiteElo "2279"]
[BlackElo "2085"]
[Result "0-1"]
[Round "11"]
[TimeControl "180+2"]
[Date "2023.01.31"]
[WhiteClock "0:00:02"]
[BlackClock "0:00:58"]

1. d4 Nf6 2. c4 e6 3. Nf3 b6 4. g3 Bb7 5. Bg2 Be7 6. O-O O-O 7. Nc3 Ne4 8. Bd2 Nxc3 9. Bxc3 d6 10. d5 e5 11. e4 Nd7 12. b4 f5 13. exf5 Rxf5 14. Qc2 Rf8 15. Nd2 Nf6 16. Ne4 Bc8 17. Ng5 h6 18. Ne6 Bxe6 19. dxe6 Rc8 20. f4 exf4 21. Rxf4 c6 22. Rd1 b5 23. cxb5 cxb5 24. Qd3 a6 25. Bb2 Qc7 26. Rc1 Qb6+ 27. Kh1 Rxc1+ 28. Bxc1 Rc8 29. Be3 Qc7 30. Rf1 Qc2 31. Qxc2 Rxc2 32. Rf2 Rxf2 33. Bxf2 d5 34. a3 Ne4 35. Bd4 Bd6 36. Bxe4 dxe4 37. Kg2 Kf8 38. Kf2 g6 39. Ke3 Ke7 40. Kxe4 Kxe6 41. Bf2 h5 42. h3 Be5 43. g4 hxg4 44. hxg4 Bb2 45. Kd3 Bxa3 46. Be1 Bb2 47. Kc2 Bd4 48. Kd3 Kd5 49. Bg3 Bb6 50. Bf4 a5 51. bxa5 Bxa5 52. Be3 Bb4 53. Bf4 Bc5 54. Kc3 Ke4 55. Bc7 Kf3 56. g5 Kg4 57. Bd8 Kf5 58. Kb3 Be3 59. Kb4 Bxg5 60. Bb6 Ke4 61. Kxb5 Be3 62. Bc7 g5 63. Kc4 g4 64. Bg3 Bf4 65. Bh4 Be3 66. Kc3 Kf3 67. Kd3 Bf2 0-1


[Site "https://www.chess.com"]

[Event "Titled Tuesday Blitz January 31 Early 2023"]
[White "Koellner, Ruben Gideon"]
[Black "Torres Dominguez, David"]
[WhiteFideId "12993093"]
[BlackFideId "2220857"]
[WhiteElo "2426"]
[BlackElo "1994"]
[Result "1-0"]
[Round "11"]
[TimeControl "180+2"]
[Date "2023.01.31"]
[WhiteClock "0:02:00"]
[BlackClock "0:00:25"]

1. d4 e5 2. dxe5 d6 3. Nf3 Bg4 4. Bf4 Nc6 5. Nc3 Bxf3 6. exf3 dxe5 7. Be3 Qxd1+ 8. Rxd1 a6 9. Nd5 Bd6 10. Bd3 O-O-O 11. Bf5+ Kb8 12. O-O Nge7 13. Nxe7 Nxe7 14. Bd3 f6 15. g3 h6 16. h4 g5 17. h5 Nc6 18. Be4 Ne7 19. g4 c6 20. Rd3 Bc7 21. Rfd1 Rxd3 22. Rxd3 Rd8 23. Rxd8+ Bxd8 24. Kf1 Nc8 25. Bc5 Be7 26. Be3 Kc7 27. Ke2 Nd6 28. Kd3 b6 29. c4 Nb7 30. Bf5 Nc5+ 31. Bxc5 Bxc5 32. Ke4 Kd6 33. Bc8 a5 34. Kf5 Ke7 35. Kg6 Bxf2 36. Kxh6 Kf7 37. Bb7 b5 38. Bxc6 bxc4 39. Bd5+ Kf8 40. Bxc4 Bd4 41. b3 e4 42. fxe4 Be5 43. Kg6 Bd4 44. h6 Bc3 45. h7 f5 46. exf5 Bh8 47. f6 Ke8 48. a3 Kf8 49. b4 axb4 50. axb4 Ke8 51. b5 1-0


[Site "https://www.chess.com"]

[Event "Titled Tuesday Blitz January 31 Early 2023"]
[White "Ashraf, Artin"]
[Black "Estrada Nieto, Julian"]
[WhiteFideId "22514805"]
[BlackFideId "5101018"]
[WhiteElo "2314"]
[BlackElo "2215"]
[Result "0-1"]
[Round "11"]
[TimeControl "180+2"]
[Date "2023.01.31"]
[WhiteClock "0:01:53"]
[BlackClock "0:01:22"]

1. a3 d5 2. h3 Nf6 3. d4 h6 4. Nf3 Bf5 5. c4 dxc4 6. Qa4+ c6 7. Qxc4 Nbd7 8. Nc3 e6 9. Bf4 Be7 10. e3 O-O 11. Be2 Rc8 12. O-O c5 13. Qa4 a6 14. Rfd1 c4 15. Ne5 Nb6 16. Qa5 Nfd5 17. Rac1 Nxc3 18. bxc3 f6 19. Nf3 Nd5 20. Qa4 Qe8 21. Qa5 Qb5 22. Qxb5 axb5 23. Nd2 Bxa3 24. Ra1 Bb2 25. Ra7 Nxc3 26. Rxb7 Nxe2+ 0-1


[Site "https://www.chess.com"]

[Event "Titled Tuesday Blitz January 31 Early 2023"]
[White "Krzywda, Andrzej"]
[Black "Mladek, Richard"]
[WhiteFideId "1114565"]
[BlackFideId "386588"]
[WhiteElo "2223"]
[BlackElo "2436"]
[Result "0-1"]
[Round "11"]
[TimeControl "180+2"]
[Date "2023.01.31"]
[WhiteClock "0:00:01"]
[BlackClock "0:00:04"]

1. d4 Nf6 2. Nf3 d5 3. g3 b5 4. Bg2 Bb7 5. O-O Nbd7 6. a4 a6 7. Nc3 b4 8. Na2 c5 9. dxc5 a5 10. c6 Bxc6 11. c3 e6 12. Nd4 Bb7 13. Nb5 Bc5 14. cxb4 axb4 15. Bd2 Qa5 16. Qe1 O-O 17. Nxb4 Qb6 18. Nd3 Rfc8 19. Nxc5 Nxc5 20. Be3 Qa6 21. Qb4 Nce4 22. b3 Bc6 23. Nd4 Rab8 24. Qa3 Bd7 25. Rfc1 Nc3 26. b4 Qc4 27. b5 e5 28. Nc6 Nxe2+ 29. Kh1 Nxc1 30. Rxc1 Qe2 31. Ne7+ Kh8 32. Nxc8 Rxc8 33. Rxc8+ Bxc8 34. Qc1 Be6 35. b6 Qa6 36. a5 h6 37. Bf1 Qa8 38. a6 Bc8 39. b7 Bxb7 40. axb7 Qxb7 41. Bg2 Qd7 42. Bxh6 gxh6 43. Qxh6+ Nh7 44. h4 Qe6 45. Qd2 Kg7 46. Bxd5 Qf5 47. Bg2 Nf6 48. Qe2 Ng4 49. Kg1 Qb1+ 50. Bf1 Qf5 51. Bh3 Qb1+ 52. Kg2 Nf6 53. Qd2 Qe4+ 54. Kh2 Qg6 55. Qg5 Qxg5 56. hxg5 Ne4 57. f4 Nd2 58. Kg2 e4 59. Kf2 Nc4 60. Bf5 Nd6 61. Bg4 Kg6 62. Ke3 f5 63. gxf6 Kxf6 64. Bh3 Kg6 65. g4 Kf6 0-1


[Site "https://www.chess.com"]

[Event "Titled Tuesday Blitz January 31 Early 2023"]
[White "Reprintsev, Alexander"]
[Black "Sanchez, Robert"]
[WhiteFideId "14100541"]
[BlackFideId "2034360"]
[WhiteElo "2253"]
[BlackElo "1966"]
[Result "0-1"]
[Round "11"]
[TimeControl "180+2"]
[Date "2023.01.31"]
[WhiteClock "0:00:13"]
[BlackClock "0:00:33"]

1. e4 e6 2. d4 d5 3. Nc3 Nf6 4. Bg5 Be7 5. e5 Nfd7 6. h4 h6 7. Be3 c5 8. f4 cxd4 9. Bxd4 Nc6 10. Nf3 f6 11. exf6 Nxf6 12. Bb5 O-O 13. g3 Nxd4 14. Qxd4 Bd7 15. Bxd7 Qxd7 16. Ne5 Qc7 17. Ng6 Bc5 18. Qd3 Rfe8 19. O-O-O Rac8 20. Kb1 a6 21. Ne2 Ne4 22. c3 Nf2 23. Qd2 Nxh1 24. Rxh1 b5 25. Nc1 b4 26. Nb3 bxc3 27. Qxc3 Bd6 28. Qd3 Qc4 29. Rd1 Qxd3+ 30. Rxd3 Kh7 31. h5 Rc4 32. Nd2 Rc5 33. Nb3 Rc4 34. Nd2 Rb4 35. a3 Rb7 36. Ka2 Reb8 37. b3 Rf7 38. Re3 Rc7 39. Rxe6 Rc2+ 40. Kb1 Rxd2 41. Rxd6 Rxb3+ 42. Kc1 Rh2 43. g4 Rg3 0-1


[Site "https://www.chess.com"]

[Event "Titled Tuesday Blitz January 31 Early 2023"]
[White "Fiorito, Francisco"]
[Black "Andreev, Konstantin"]
[WhiteFideId "180165"]
[BlackFideId "24239305"]
[WhiteElo "2305"]
[BlackElo "2195"]
[Result "1-0"]
[Round "11"]
[TimeControl "180+2"]
[Date "2023.01.31"]
[WhiteClock "0:00:34"]
[BlackClock "0:00:01"]

1. e4 c5 2. d4 cxd4 3. c3 dxc3 4. Nxc3 e6 5. Nf3 a6 6. Bd3 Nc6 7. O-O Nge7 8. e5 Ng6 9. Bxg6 hxg6 10. Ne4 Qc7 11. Bf4 b5 12. Rc1 Bb7 13. Nfg5 f6 14. exf6 Qxf4 15. f7+ Ke7 16. g3 Qc7 17. Qd3 Qe5 18. Rfd1 d5 19. Nxe6 Qxe4 20. Qc3 Qxe6 21. Re1 Qxe1+ 22. Rxe1+ Kxf7 23. Qf3+ Kg8 24. Qxd5+ Kh7 25. Re4 Be7 26. Qd7 Rhb8 27. Re3 Ra7 28. g4 Bh4 29. g5 Rd8 30. Qg4 Bxg5 31. Rh3+ Kg8 32. Qe6+ Kf8 33. Rh8# 1-0


[Site "https://www.chess.com"]

[Event "Titled Tuesday Blitz January 31 Early 2023"]
[White "Derjabin, Ilja"]
[Black "Babikov, Ivan"]
[WhiteFideId "14104768"]
[BlackFideId "4161106"]
[WhiteElo "2333"]
[BlackElo "2239"]
[Result "1-0"]
[Round "11"]
[TimeControl "180+2"]
[Date "2023.01.31"]
[WhiteClock "0:00:03"]
[BlackClock "0:00:02"]

1. d4 d5 2. c4 dxc4 3. Nc3 Nf6 4. e4 e6 5. Bxc4 a6 6. e5 Nd5 7. Nge2 b5 8. Bxd5 exd5 9. O-O Bb7 10. Nf4 Be7 11. e6 O-O 12. Re1 b4 13. Na4 Bc8 14. Nc5 Bxc5 15. dxc5 fxe6 16. Nxe6 Bxe6 17. Rxe6 Qd7 18. Re5 c6 19. Bg5 Qf7 20. Qd4 Qg6 21. f4 Nd7 22. Re7 Nf6 23. Bxf6 Rxf6 24. Rae1 Raf8 25. Rf1 a5 26. g3 h5 27. Re5 Rf5 28. Rfe1 h4 29. Rxf5 Rxf5 30. Re3 h3 31. Qd3 Kh7 32. Kf2 Kg8 33. Qd4 Qg4 34. Re2 Qg6 35. Qe3 Qf7 36. Qe6 Kh7 37. Qxc6 d4 38. Qe6 1-0


[Site "https://www.chess.com"]

[Event "Titled Tuesday Blitz January 31 Early 2023"]
[White "Lehtosaari, Mauri"]
[Black "Fernandez Garcia, Gumersindo"]
[WhiteFideId "501999"]
[BlackFideId "24516740"]
[WhiteElo "2176"]
[BlackElo "2160"]
[Result "1-0"]
[Round "11"]
[TimeControl "180+2"]
[Date "2023.01.31"]
[WhiteClock "0:00:08"]
[BlackClock "0:01:04"]

1. d4 d5 2. Nf3 Nf6 3. Bg5 c5 4. e3 Nc6 5. c3 e6 6. Nbd2 h6 7. Bh4 Be7 8. Bd3 b6 9. O-O O-O 10. Ne5 Nxe5 11. dxe5 Nd7 12. Bxe7 Qxe7 13. f4 Bb7 14. Qh5 f5 15. exf6 Nxf6 16. Qh4 e5 17. Rae1 e4 18. Bc2 a5 19. g4 Rae8 20. Rf2 Bc8 21. Rg2 Nh7 22. Qxe7 Rxe7 23. Bb3 Be6 24. h3 b5 25. f5 Bf7 26. Rf2 a4 27. Bc2 Ng5 28. Kg2 Be8 29. a3 Bc6 30. Kg3 Rd8 31. h4 Nf7 32. Nf1 Ne5 33. Nh2 b4 34. axb4 cxb4 35. cxb4 Rb7 36. Rc1 Rxb4 37. Bb1 Bb5 38. g5 Bd3 39. Kf4 Bxb1 40. Kxe5 Bd3 41. gxh6 gxh6 42. Rg1+ Kh8 43. Rg6 d4 44. Rxh6+ Kg7 45. Rg6+ Kh7 46. Rfg2 Rb5+ 47. Kf4 Rb7 48. Ng4 Rg7 49. Nf6+ Kh8 50. Rh6+ 1-0


[Site "https://www.chess.com"]